 Dungeon Crawl Stone Soup version 0.27.0-1-g7a089689b8 (webtiles) character file.

Game seed: 5121054533760295145

81 tovald2 the Magician (level 4, 0/31 HPs)
             Began as a Djinni Fire Elementalist on Aug 16, 2021.
             Was an Initiate of Nemelex Xobeh.
             Slain by a water moccasin (2 damage)
             ... on level 3 of the Dungeon.
             The game lasted 00:10:14 (2997 turns).

tovald2 the Magician (Djinni Fire Elementalist)     Turns: 2997, Time: 00:10:16

Health: 0/31       AC:  4    Str:  7    XL:     4   Next: 68%
Gold:   114        EV: 13    Int: 17    God:    Nemelex Xobeh [......] SH:  0 Dex: 14

rFire    + + .     SeeInvis .   h - +0 falchion
rCold    x . .     Faith    .   (no shield)
rNeg     . . .     Spirit   .   a - +1 robe
rPois    ∞         Reflect  .   (no helmet)
rElec    .         Harm     .   (no cloak)
rCorr    .         Rampage  .   f - +0 pair of gloves
Will     .....                  (boots unavailable)
Stlth    ++........             (no amulet)
HPRegen  0.10/turn              c - ring of wizardry
MPRegen  0.00/turn              (no ring)

@: flying
A: sickness immunity, fire resistance 2, cold vulnerability 1, float, innate
caster, hp casting, extra vitality 1
a: Renounce Religion, Draw Escape, Draw Destruction, Draw Summoning


You were on level 3 of the Dungeon.
You worshipped Nemelex Xobeh.
Nemelex Xobeh was noncommittal.
You visited 1 branch of the dungeon, and saw 3 of its levels.

You collected 114 gold pieces.

Inventory:

Hand Weapons
 h - a +0 falchion (weapon)
Armour
 a - a +1 robe (worn)
 f - a +0 pair of gloves (worn)
Jewellery
 c - a ring of wizardry (left hand)
Scrolls
 b - 3 scrolls of enchant weapon
 e - 2 scrolls of identify
Potions
 d - a potion of curing
 g - a potion of berserk rage {unknown}


   Skills:
 * Level 3.0 Dodging
 + Level 1.8 Stealth
 * Level 3.5 Spellcasting


You couldn't memorise any spells.
You knew the following spells:

 Your Spells              Type           Power      Damage    Failure   Level
a - Foxfire               Conj/Fire      60%        2x1d7     1%          1
b - Conjure Flame         Conj/Fire      15%        6-21      4%          3
c - Inner Flame           Hex/Fire       15%        N/A       4%          3
d - Sticky Flame          Conj/Fire      15%        2d4       16%         4
e - Fireball              Conj/Fire      7%         3d5       38%         5
f - Magic Dart            Conj           60%        1d6       1%          1
Your spell library was empty.

Dungeon Overview and Level Annotations

Branches:
Dungeon (3/15)

Altars:
Nemelex Xobeh
Trog

Shops:
D:2 *


Innate Abilities, Weirdness & Mutations

You are immune to sickness and miasma.
You are immune to poison.
Your flesh is very heat resistant. (rF++)
You are vulnerable to cold. (rC-)
You float through the air rather than walking.
You learn spells naturally, not from books.
Your magical power is your life essence.
You have superior vitality. (+4 HP)


Message History

The water moccasin bites you.
Your magical contamination has completely faded away.
Casting: Foxfire (safe; 1% risk of failure)
Confirm with . or Enter, or press ? or * to list all spells.
You conjure some foxfire!
The water moccasin bites you.
* * * LOW HITPOINT WARNING * * *
Your foxfire dissipates!
The water moccasin barely misses you.
You barely miss the water moccasin.
The water moccasin is severely wounded.
The water moccasin closely misses you.
You riposte.
You miss the water moccasin.
The water moccasin is severely wounded.
Casting: Foxfire (safe; 1% risk of failure)
Confirm with . or Enter, or press ? or * to list all spells.
You conjure some foxfire!
* * * LOW HITPOINT WARNING * * *
The water moccasin bites you but does no damage.
The water moccasin bites you.
* * * LOW HITPOINT WARNING * * *
Your foxfire dissipates!
The foxfire hits the water moccasin.
The water moccasin is almost dead.
The water moccasin barely misses you.
Casting: Foxfire (safe; 1% risk of failure)
Confirm with . or Enter, or press ? or * to list all spells.
You conjure some foxfire!
* * * LOW HITPOINT WARNING * * *
The water moccasin barely misses you.
Your foxfire dissipates!
The foxfire hits the water moccasin.
The water moccasin is almost dead.
There is a bloodstained altar of Trog here.
Casting: Foxfire (safe; 1% risk of failure)
Confirm with . or Enter, or press ? or * to list all spells.
You conjure some foxfire!
* * * LOW HITPOINT WARNING * * *
The water moccasin bites you.
You die...
Your body disappears without a glow.

.........# ..........
.......... .........
......... ###..#...
.....#### #########
......# #...§[..#
.##.#.# ####.Pv@SP.#
.##.#.####..#.Pv..P.#
.##.........#.PPPPP.#
.####.####.##.......#
.####.# #.####'''###
......# #.# #...#
####### #.#####.##
#.......# #########


You could see a water moccasin (ally target).

Vanquished Creatures
  2 adders
  A dart slug (D:1)
  3 orcs (D:3)
  7 bats
  3 endoplasms
  4 giant cockroaches
  6 hobgoblins
  6 quokkas
  5 ball pythons
  4 frilled lizards
  5 goblins
  6 kobolds
  6 rats
58 creatures vanquished.

Vanquished Creatures (collateral kills)
  3 foxfires (D:3)
3 creatures vanquished.

Vanquished Creatures (others)
  171 foxfires
171 creatures vanquished.

Grand Total: 232 creatures vanquished

Notes
Turn   | Place    | Note
-------+----------+-------------------------------------------
     0 | D:1      | tovald2 the Djinni Fire Elementalist began the quest for
                  | the Orb.
     0 | D:1      | Reached XP level 1. HP: 15/15 MP: 0/0
   365 | D:1      | Reached XP level 2. HP: 19/21 MP: 0/0
   703 | D:1      | Reached XP level 3. HP: 10/25 MP: 0/0
   703 | D:1      | Learned a level 1 spell: Magic Dart
  1819 | D:2      | Found Leottai's General Store.
  2001 | D:2      | Reached XP level 4. HP: 31/31 MP: 0/0
  2675 | D:3      | Found a sparkling altar of Nemelex Xobeh.
  2706 | D:3      | Became a worshipper of Nemelex Xobeh the Trickster
  2892 | D:3      | Found a faded altar of an unknown god.
  2977 | D:3      | Found a bloodstained altar of Trog.
  2977 | D:3      | Noticed a water moccasin
  2997 | D:3      | Slain by a water moccasin

Illustrated notes

Levels and vault maps discovered:
D:1:      minmay_arrival_radiant_lines, layout_basic, minmay_hexomino_c4
D:2:      layout_basic, serial_shops, shop
D:3:      layout_loops_cross, nemelex_xobeh_ov_fountains_minmay,
          mainiacjoe_overflow_alcove_4, chequers_ecumenical_altar_island,
          small_statue_intersection

Skill      XL: |  1  2  3  4 |
---------------+-------------+-----
Spellcasting   | 3 |  3.5
Dodging        | 3 |  3.0
Stealth        | |  1.8

Action                   |  1- 3 |  4- 6 || total
-------------------------+-------+-------++-------
Melee: Unarmed           |     5 |     2 ||     7
       Falchion          |       |     2 ||     2
 Cast: Foxfire           |    72 |    51 ||   123
       Magic Dart        |     2 |       ||     2
  Use: Scroll            |     6 |       ||     6
       Potion            |       |     1 ||     1
Armor: Robe              |       |     2 ||     2
Dodge: Dodged            |    19 |    11 ||    30
       Rpst.: Falchion   |       |     1 ||     1
